[ AOE2 MATCH · #513845976 ]
UnrankedMongols vs Celts
Player's team · WIN
Rival team · LOSS
[ REPLAY ANALYSIS · EXTRACTED FROM THE RECORDED GAME ]
Feudal
8:26
Castle
—
Imperial
—
| APM avg | 54.9 |
| APM peak | 89 |
| eAPM avg | 20.7 |
| Villagers / military | 31 / 6 |
Focus
⚔️ 39.4% · 🌾 60.6%
Archer ×6
Feudal
12:35
Castle
—
Imperial
—
| APM avg | 61.7 |
| APM peak | 101 |
| eAPM avg | 21.2 |
| Villagers / military | 20 / 4 |
Focus
⚔️ 39.6% · 🌾 60.4%
Militia ×4
Match map
Initial resources + every placement click. Lines = walls · curves = elevation contours. ◆ gold · ⬟ stone · ● berries · ✦ relic · ◌ wall gap
Your base· Open — unwalled flank
Pikaflex's base· Open — unwalled flank
Smoothed initial terrain · ◌ = detected wall gap · hover for details
Inputs per minute
— Portugeezer3 - - Pikaflex
Build order — Portugeezer3
60 actions detected in the replay
| 0:02 | Queue | Villager (Male) |
| 0:02 | Queue | Villager (Male) |
| 0:03 | Build | House |
| 0:04 | Build | House |
| 0:27 | Queue | Villager (Male) |
| 0:40 | Queue | Villager (Male) |
| 1:29 | Queue | Villager (Male) |
| 2:02 | Queue | Villager (Male) |
| 2:02 | Queue | Villager (Male) |
| 2:23 | Queue | Villager (Male) |
| 2:24 | Queue | Villager (Male) |
| 2:25 | Queue | Villager (Male) |
| 2:31 | Build | Lumber Camp |
| 2:40 | Queue | Villager (Male) |
| 2:55 | Queue | Villager (Male) |
| 2:55 | Queue | Villager (Male) |
| 3:10 | Queue | Villager (Male) |
| 3:10 | Queue | Villager (Male) |
| 3:22 | Queue | Villager (Male) |
| 3:22 | Queue | Villager (Male) |
| 3:33 | Build | House |
| 3:40 | Queue | Villager (Male) |
| 3:40 | Queue | Villager (Male) |
| 3:41 | Queue | Villager (Male) |
| 4:27 | Queue | Villager (Male) |
| 5:02 | Queue | Villager (Male) |
| 5:07 | Build | Mining Camp |
| 5:32 | Research | Loom |
| 6:14 | Research | Feudal Age |
| 7:11 | Build | Barracks |
| 7:33 | Build | House |
| 7:45 | Build | Palisade Wall |
| 8:04 | Build | Palisade Wall |
| 8:06 | Build | Palisade Wall |
| 8:26 | Age | Feudal Age |
| 8:29 | Queue | Villager (Male) |
| 8:32 | Build | Archery Range |
| 9:09 | Queue | Villager (Male) |
| 9:21 | Queue | Archer |
| 9:23 | Build | Blacksmith |
| 9:29 | Queue | Villager (Male) |
| 9:39 | Queue | Villager (Male) |
| 9:54 | Build | Palisade Wall |
| 10:02 | Queue | Archer |
| 10:05 | Research | Fletching |
| 10:07 | Build | House |
| 10:11 | Research | Double-Bit Axe |
| 10:12 | Queue | Villager (Male) |
| 10:28 | Queue | Villager (Male) |
| 10:41 | Queue | Archer |
| 10:43 | Queue | Villager (Male) |
| 10:47 | Build | Mill |
| 11:04 | Queue | Archer |
| 11:16 | Queue | Villager (Male) |
| 11:28 | Build | Archery Range |
| 11:38 | Queue | Archer |
| 11:48 | Build | House |
| 12:03 | Build | House |
| 12:06 | Queue | Villager (Male) |
| 12:37 | Queue | Archer |
Build order — Pikaflex
46 actions detected in the replay
| 0:00 | Queue | Villager (Male) |
| 0:01 | Queue | Villager (Male) |
| 0:01 | Queue | Villager (Male) |
| 0:02 | Build | House |
| 0:03 | Build | House |
| 0:14 | Queue | Villager (Male) |
| 1:42 | Queue | Villager (Male) |
| 1:50 | Build | Lumber Camp |
| 2:06 | Queue | Villager (Male) |
| 2:24 | Queue | Villager (Male) |
| 2:53 | Queue | Villager (Male) |
| 2:54 | Queue | Villager (Male) |
| 3:17 | Build | Barracks |
| 3:34 | Queue | Villager (Male) |
| 3:42 | Build | House |
| 3:49 | Queue | Villager (Male) |
| 4:34 | Queue | Villager (Male) |
| 4:44 | Queue | Villager (Male) |
| 4:45 | Queue | Villager (Male) |
| 4:49 | Queue | Militia |
| 4:50 | Queue | Militia |
| 5:36 | Queue | Militia |
| 5:36 | Queue | Militia |
| 6:03 | Build | Lumber Camp |
| 6:07 | Build | House |
| 6:17 | Queue | Villager (Male) |
| 6:50 | Queue | Villager (Male) |
| 7:13 | Queue | Villager (Male) |
| 7:18 | Build | House |
| 8:01 | Queue | Villager (Male) |
| 8:08 | Build | Mill |
| 9:02 | Queue | Villager (Male) |
| 9:30 | Queue | Villager (Male) |
| 9:37 | Build | Farm |
| 9:37 | Build | Farm |
| 9:37 | Build | Farm |
| 9:59 | Research | Loom |
| 10:02 | Build | Farm |
| 10:05 | Build | Farm |
| 10:11 | Build | Palisade Wall |
| 10:14 | Build | Palisade Wall |
| 10:18 | Build | Palisade Wall |
| 10:26 | Research | Feudal Age |
| 10:54 | Build | Palisade Gate |
| 11:47 | Build | Farm |
| 12:35 | Age | Feudal Age |
Match timeline
| 3:17 | Pikaflex · first_building Barracks |
| 7:11 | Portugeezer3 · first_building Barracks |
| 7:45 | Portugeezer3 · wall_segment Palisade Wall x1 |
| 8:04 | Portugeezer3 · wall_segment Palisade Wall x1 |
| 8:06 | Portugeezer3 · wall_segment Palisade Wall x1 |
| 8:26 | Portugeezer3 · age_up feudal |
| 8:32 | Portugeezer3 · first_building Archery Range |
| 9:54 | Portugeezer3 · wall_segment Palisade Wall x1 |
| 10:11 | Pikaflex · wall_segment Palisade Wall x3 |
| 10:14 | Pikaflex · wall_segment Palisade Wall x2 |
| 10:18 | Pikaflex · wall_segment Palisade Wall x3 |
| 12:35 | Pikaflex · age_up feudal |
| 12:40 | Pikaflex · resign |
[ AI ANALYSIS · 1 CREDIT ]
What really happened in this match?
Wolo.gg analyzes every decision: build order, eco, micro, common mistakes by bracket. Personalized analysis on WhatsApp or Discord in 30 seconds.
Civ guide
Mongols
Perfil
Jugador #25507933